 Dungeon Crawl Stone Soup version 0.26.1-11-gd32895ea62 (webtiles) character file.

Game seed: 4718451985373311873

10808 dtburroughs the Fighter (level 11, -5/101 HPs)
             Began as a Minotaur Berserker on May 20, 2021.
             Was a Priest of Trog.
             Slain by a boulder beetle (21 damage)
             ... on level 11 of the Dungeon.
             The game lasted 00:33:16 (18125 turns).

dtburroughs the Fighter (Minotaur Berserker)       Turns: 18125, Time: 00:33:16

Health: -5/101     AC: 19    Str: 23    XL:     11   Next: 41%
Magic:  0/10       EV: 10    Int:  7    God:    Trog [***...]
Gold:   837        SH:  0    Dex:  9    Spells: 10/10 levels left

rFire    . . .     SeeInvis +   O - +3 flail (freeze)
rCold    . . .     Faith    .   (no shield)
rNeg     + . .     Spirit   +   P - +0 plate armour
rPois    .         Reflect  .   (helmet restricted)
rElec    .         Harm     .   H - +2 cloak {rCorr}
rCorr    +         Rampage  .   u - +0 pair of gloves
Will     .....                  (no boots)
Stlth    ..........             p - amulet of guardian spirit
HPRegen  0.26/turn              r - ring of positive energy
MPRegen  0.12/turn              t - ring of see invisible

@: hasted, very quick
A: retaliatory headbutt, horns 2
a: Renounce Religion, Berserk, Trog's Hand


You were on level 11 of the Dungeon.
You worshipped Trog.
Trog was most pleased with you.
You visited 1 branch of the dungeon, and saw 11 of its levels.

You collected 837 gold pieces.

Inventory:

Hand Weapons
 a - a +0 hand axe
 v - a +1 dagger of venom
 w - the +2 falchion of Dominance {venom, Dex+7}
   (You took it off an orc on level 6 of the Dungeon)

   It poisons the flesh of those it strikes.
   It affects your dexterity (+7).
 E - a +2 mace
 N - a +2 quarterstaff of chaos
 O - a +3 flail of freezing (weapon)
Armour
 u - a +0 pair of gloves (worn)
 H - a +2 cloak of preservation (worn)
 P - a +0 plate armour (worn)
Jewellery
 c - a +6 ring of intelligence
 j - an uncursed ring of protection from cold
 p - an amulet of guardian spirit (around neck)
 r - a ring of positive energy (left hand)
 t - a ring of see invisible (right hand)
 D - a cursed ring of teleportation {unknown}
 S - an uncursed ring of wizardry {unknown}
 T - an uncursed amulet of the acrobat {unknown}
Wands
 i - a wand of enslavement (5)
 l - a wand of disintegration (2)
 M - a wand of digging (5)
 V - a wand of iceblast (8)
Scrolls
 e - 3 scrolls of remove curse
 h - 3 scrolls of enchant weapon
 k - 10 scrolls of teleportation
 o - a scroll of enchant armour {unknown}
 q - a scroll of amnesia {unknown}
 x - 4 scrolls of immolation {unknown}
 y - a scroll of random uselessness {unknown}
 z - 3 scrolls of fog
 C - a scroll of fear {unknown}
 F - 2 scrolls of magic mapping {unknown}
 G - 4 scrolls of blinking {unknown}
 I - a scroll of brand weapon {unknown}
 K - 2 scrolls of noise {unknown}
 L - 7 scrolls of identify
Potions
 d - a potion of haste
 f - 2 potions of degeneration {unknown}
 g - 7 potions of flight {unknown}
 m - 3 potions of attraction
 s - a potion of resistance
 A - 3 potions of ambrosia {unknown}
 B - a potion of might {unknown}
 J - 2 potions of lignification {unknown}
 Q - 2 potions of brilliance {unknown}
 U - a potion of mutation {unknown}
Miscellaneous
 R - a tin of tremorstones (2/2)


   Skills:
 + Level 10.6 Fighting
 + Level 10.5 Axes
 + Level 10.2 Armour
 + Level 9.4 Dodging
 + Level 6.6 Evocations


You had 10 spell levels left.
You didn't know any spells.
Your spell library was empty.

Dungeon Overview and Level Annotations

Branches:
Dungeon (11/15)            Temple (0/1) D:7            Lair (0/6) D:9
    Orc (0/2) D:11

Altars:
Fedhas
Makhleb
Nemelex Xobeh
Ru
The Shining One

Annotations:
D:8 exclusion: oklob plant
D:11 1 runed translucent door, exclusion: 4 orange crystal statues


Innate Abilities, Weirdness & Mutations

You reflexively headbutt those who attack you in melee.
You have a pair of horns on your head.


Message History

The boulder beetle is severely wounded.
The boulder beetle bites you but does no damage.
You hit the boulder beetle. You freeze the boulder beetle.
The boulder beetle is severely wounded.
The boulder beetle misses you.
You hit the boulder beetle but do no damage.
The boulder beetle is severely wounded.
You sock the boulder beetle! You freeze the boulder beetle.
You headbutt the boulder beetle.
The boulder beetle is almost dead.
The boulder beetle leaps!
The boulder beetle curls into a ball and begins rolling!
The boulder beetle hits you!!
* * * LOW HITPOINT WARNING * * *
The boulder beetle stops rolling and uncurls.
You hit the boulder beetle but do no damage.
You headbutt the boulder beetle!
The boulder beetle is almost dead.
The boulder beetle bites you!!
You die...

#...####+####.# #..##.###.#.
#.............# #..##'##.#..
#.....###..####### #....##.#...
#.....# ##.......# #...####....
#..(..# #.......# #...##......
#.....# #.......# #..#).).....
#.....####.......####..#........
#.....#..........#.....#........
###'#........°B@.......#........
#.##..)........#....##.......#
#.####)'####....###..'........
###........##...######......#.
##..........##................
##....^.......##............#.#
##..............##..............
##................##.........#.#.
#..................#.............


You could see a boulder beetle.

Vanquished Creatures
  5 two-headed ogres
  A troll (D:10)
  Prince Ribbit (D:8)
  Grinder (D:3)
  Sigmund (D:5)
  A basilisk (D:9)
  5 yaks
  6 orc warriors
  A water moccasin (D:10)
  A black bear (D:9)
  2 phantoms
  A hornet zombie (D:9)
  A necrophage (D:7)
  4 ice beasts
  9 ogres
  3 centaurs
  6 bullfrogs
  A water moccasin zombie (D:3)
  5 scorpions
  3 killer bees
  9 wights
  5 jellies
  A bullfrog skeleton (D:4)
  A gnoll shaman (D:7)
  2 hounds
  11 orc priests
  2 centaur skeletons
  Crazy Yiuf (D:7)
  6 iguanas
  8 orc wizards
  5 worker ants
  A hound skeleton (D:7)
  3 worker ant zombies
  17 gnolls
  13 adders
  A shadow imp (D:10)
  2 ufetubi
  An adder zombie (D:5)
  An adder skeleton (D:3)
  4 worms
  3 dart slugs
  5 leopard geckos
  65 orcs
  8 giant cockroaches
  6 goblins
  5 hobgoblins
  19 jackals
  10 kobolds
  5 quokkas
  5 ball pythons
  4 bats (D:1)
  6 frilled lizards
  A jackal skeleton (D:6)
  A jackal zombie (D:5)
  A leopard gecko skeleton (D:6)
  2 quokka skeletons
  5 rats
303 creatures vanquished.

Vanquished Creatures (collateral kills)
  An elephant (D:9)
  2 yaks
  A killer bee (D:10)
4 creatures vanquished.

Vanquished Creatures (others)
  3 fungi (D:7)
  2 plants (D:8)
  13 toadstools (D:8)
  A withered plant (D:3)
19 creatures vanquished.

Grand Total: 326 creatures vanquished

Notes
Turn   | Place    | Note
-------+----------+-------------------------------------------
     0 | D:1      | dtburroughs the Minotaur Berserker began the quest for the
                  | Orb.
     0 | D:1      | Reached XP level 1. HP: 19/19 MP: 0/0
   377 | D:1      | Reached XP level 2. HP: 27/27 MP: 1/1
  1129 | D:1      | Reached XP level 3. HP: 26/33 MP: 2/2
  1695 | D:1      | Reached ** piety under Trog
  1959 | D:2      | Reached XP level 4. HP: 37/41 MP: 3/3
  2582 | D:2      | You fall into a shaft and drop 2 floors!
  2778 | D:4      | Reached XP level 5. HP: 47/47 MP: 4/4
  4169 | D:3      | Reached skill level 5 in Fighting
  4169 | D:3      | Reached skill level 5 in Axes
  4169 | D:3      | Reached XP level 6. HP: 48/56 MP: 5/5
  4327 | D:3      | Found a glowing golden altar of the Shining One.
  4768 | D:3      | Noticed Grinder
  4769 | D:3      | Paralysed by Grinder for 7 turns
  4781 | D:3      | Killed Grinder
  5527 | D:4      | Reached skill level 5 in Armour
  5563 | D:4      | Reached XP level 7. HP: 62/62 MP: 6/6
  6726 | D:5      | Entered Level 5 of the Dungeon
  6752 | D:5      | Reached skill level 5 in Dodging
  6761 | D:5      | Reached skill level 1 in Evocations
  7241 | D:5      | Reached XP level 8. HP: 45/71 MP: 7/7
  7426 | D:5      | Noticed Sigmund
  7442 | D:5      | Killed Sigmund
  8270 | D:5      | Reached *** piety under Trog
  8841 | D:6      | Found a sacrificial altar of Ru.
  9072 | D:6      | Found a sparkling altar of Nemelex Xobeh.
  9211 | D:6      | Identified the +2 falchion of Dominance {venom, Dex+7}
 10080 | D:7      | Reached XP level 9. HP: 55/79 MP: 8/8
 10090 | D:7      | Reached **** piety under Trog
 10514 | D:7      | Found a staircase to the Ecumenical Temple.
 11057 | D:7      | Found a burning altar of Makhleb.
 11239 | D:7      | Found a runed translucent door.
 11240 | D:7      | Noticed Crazy Yiuf
 11248 | D:7      | Killed Crazy Yiuf
 11998 | D:8      | Noticed Prince Ribbit
 12037 | D:8      | Noticed a two-headed ogre
 12046 | D:8      | Killed a two-headed ogre
 12047 | D:8      | Reached XP level 10. HP: 90/90 MP: 9/9
 12150 | D:8      | Killed Prince Ribbit
 12251 | D:8      | Found a blossoming altar of Fedhas.
 12270 | D:8      | Noticed an oklob plant
 12994 | D:9      | Noticed an elephant
 12995 | D:9      | Reached skill level 5 in Evocations
 12995 | D:9      | Found a staircase to the Lair.
 13008 | D:9      | Killed an elephant
 13280 | D:9      | Noticed a two-headed ogre
 13289 | D:9      | Killed a two-headed ogre
 13617 | D:9      | Noticed a two-headed ogre
 13628 | D:9      | Killed a two-headed ogre
 14436 | D:10     | Entered Level 10 of the Dungeon
 14573 | D:10     | Reached skill level 10 in Fighting
 15184 | D:9      | Reached skill level 10 in Axes
 15240 | D:10     | Reached XP level 11. HP: 99/99 MP: 8/10
 15852 | D:10     | Noticed a two-headed ogre
 15865 | D:10     | Killed a two-headed ogre
 15866 | D:10     | Reached skill level 10 in Armour
 16212 | D:11     | Noticed a two-headed ogre
 16233 | D:11     | Killed a two-headed ogre
 16727 | D:11     | Found a runed translucent door.
 16745 | D:11     | Found the +10 tower shield of Ignorance {rN+ Int-4}
 16754 | D:11     | Noticed an orange crystal statue
 16754 | D:11     | Noticed an orange crystal statue
 16754 | D:11     | Noticed an orange crystal statue
 16754 | D:11     | Noticed an orange crystal statue
 16874 | D:11     | Found a runed translucent door.
 17027 | D:11     | Found a staircase to the Orcish Mines.
 17211 | D:11     | Noticed a boulder beetle
 18125 | D:11     | Slain by a boulder beetle

Illustrated notes

Levels and vault maps discovered:
D:1:      dpeg_arrival_round_c, layout_basic, minmay_splitting_lines,
          minmay_shallow_snake_nest
D:2:      layout_loops_corners
D:3:      layout_basic, lemuel_coloured_pillars_altar, serial_undead,
          serial_undead_d, serial_undead_d, serial_undead_a, serial_undead_e,
          uniq_grinder
D:4:      minmay_diamond_boxcup, layout_loops_ring
D:5:      layout_loops_ring, uniq_sigmund
D:6:      layout_rooms, overflow_temple_1_default, basic_altar,
          minmay_starry_boxes
D:7:      layout_loops_ring, makhleb_blood_cavern_becter,
          minmay_temple_entry_statues_fountains, hex_medium,
          uniq_crazy_yiuf_cottage
D:8:      layout_basic, tgw_fedhas, grunt_decor_fettered, uniq_prince_ribbit1
D:9:      layout_cave_pods, david_lair_generic
D:10:     layout_roguey, minmay_circle_x
D:11:     layout_basic, hiddenorc1_lemuel, kennysheep_big_empty_room, hex_large,
          chequers_guarded_unrand_ignorance

Skill      XL: |  1  2  3  4  5  6  7  8  9 10 11 |
---------------+----------------------------------+-----
Armour         | 3 4 5 7 8 9 10 | 10.2
Fighting       | 4 5 6 7 8 10 | 10.6
Axes           | 4 5 6 7 8 10 | 10.5
Dodging        | 3 4 5 6 7 8 9 |  9.4
Evocations     | 1 3 4 6 |  6.6

Action                   |  1- 3 |  4- 6 |  7- 9 | 10-12 || total
-------------------------+-------+-------+-------+-------++-------
Melee: Hand axe          |    97 |   112 |   239 |       ||   448
       Headbutt          |     7 |    17 |    99 |    80 ||   203
       Falchion          |       |       |   121 |       ||   121
       Flail             |       |       |    45 |   337 ||   382
Invok: Trog's Hand       |       |     2 |     4 |     8 ||    14
       Berserk           |       |     1 |     1 |       ||     2
       Brothers in Arms  |       |       |       |     4 ||     4
Evoke: Wand              |       |       |     7 |     6 ||    13
  Use: Scroll            |       |       |     8 |       ||     8
       Potion            |       |       |       |     9 ||     9
Armor: Animal skin       |    13 |       |       |       ||    13
       Ring mail         |    14 |    35 |    14 |       ||    63
       Chain mail        |       |       |   138 |       ||   138
       Plate armour      |       |       |     3 |   209 ||   212
Dodge: Dodged            |    64 |    66 |   184 |   162 ||   476
       Rpst.: Falchion   |       |       |    18 |       ||    18
